 Dungeon Crawl Stone Soup version 0.30.0-3-ga4e48a9924 (webtiles) character file.

Game seed: 17701967640339591998

11 Daunt the Vexing (level 2, 0/24 HPs)
             Began as a Meteoran Hexslinger on May 7, 2023.
             Slain by a goblin
             ... wielding a +0 club
              (4 damage)
             ... on level 1 of the Dungeon.
             The game lasted 00:03:44 (151 turns).

Daunt the Vexing (Meteoran Hexslinger)               Turns: 151, Time: 00:03:45

Health: 0/24       AC:  3    Str: 11    XL:     2   Next: 52%
Magic:  5/5        EV: 12    Int: 14    God:
Gold:   0          SH:  0    Dex: 14    Spells: 2/3 levels left

rFire   . . .        a - +1 sling
rCold   . . .        (no shield)
rNeg    . . .        c - +0 robe
rPois   .            (no helmet)
rElec   .            e - +0 cloak
rCorr   .            (no gloves)
SInv    .            (no boots)
Will    .....        (no amulet)
Stlth   +            (no ring)
HPRegen 0.24/turn    (no ring)
MPRegen 0.09/turn

%: no passive effects
@: glowing
A: sense surroundings 1, otherworldly, glowing, explore regen
a: no special abilities


You were on level 1 of the Dungeon.
You visited 1 branch of the dungeon, and saw 2 of its levels.

Inventory:

Hand Weapons
 a - a +1 sling (weapon)
 f - a +0 whip
Missiles
 d - 7 stones
Armour
 c - a +0 robe (worn)
 e - a +0 cloak (worn)
Scrolls
 b - a scroll of poison
 g - a scroll of identify {unknown}


   Skills:
 + Level 1.9 Fighting
 + Level 2.7 Ranged Weapons
 - Level 2.4 Dodging
 - Level 1.3 Spellcasting
 - Level 3.6 Hexes


You had 2 spell levels left.
You knew the following spells:

 Your Spells              Type           Power      Damage    Failure   Level
a - Slow                  Hex            44%        N/A       6%          1

Your spell library contained the following spells:

 Spells                   Type           Power      Damage    Failure   Level
 Inner Flame              Hex/Fire       6%         N/A       36%         3
 Portal Projectile        Hex/Tloc       12%        N/A       36%         3
 Cause Fear               Hex            5%         N/A       50%         4


Dungeon Overview and Level Annotations

Branches:
Dungeon (2/15) Zot: 1039

Altars:

Annotations:
D:1 Terence


Innate Abilities, Weirdness & Mutations

You passively map a small area around you.
You are easily found by Zot.
You glow in the dark.
You regain HP and MP as you explore.


Message History

The sling bullet hits the hobgoblin.
You kill the hobgoblin!
You shoot a sling bullet.
The sling bullet closely misses the ball python.
Terence the Incautious comes into view.
He is wielding a +0 flail.
You shoot a sling bullet.
Terence shouts!
The sling bullet hits the ball python.
You kill the ball python!
You hear a shout!
You hear an angry hiss.
You shoot a sling bullet.
The sling bullet hits Terence but does no damage.
You shoot a sling bullet.
The sling bullet closely misses Terence.
You shoot a sling bullet.
The sling bullet hits Terence but does no damage.
A gnoll comes into view. It is wielding a +1 spear of venom.
You shoot a sling bullet.
The sling bullet hits Terence but does no damage.
Terence closely misses you.
You shoot a sling bullet.
The sling bullet hits Terence but does no damage.
Terence hits you with a +0 flail.
Unknown command.
You aren't carrying any potions.
Unknown command.
Really read the scroll of poison?
Okay, then.
Unknown command.
Unknown command.
Terence attacks as you move away! Terence hits you with a +0 flail.
Terence shouts, "DIE!!!"
There is a stone staircase leading up here.
Terence hits you with a +0 flail!
You climb upwards.
The goblin barely misses you. The endoplasm freezes you.
You are frozen.
* * * LOW HITPOINT WARNING * * *
The goblin hits you with a +0 club.
You die...

,, ,, , ,
...... ### , ,
, ...... .. *
...... ..,
......##.######
* ,
...............
* #..........
#.?.J.@.##... ,
,#..lg@.......
, ,
#.......#.... ,
* #.......# .
#.......# , ,,
,#........ , *
#.##+####. , #.
, .. , # *, ##
, * , *


You could see Terence, an endoplasm, a goblin and a frilled lizard.

Vanquished Creatures
  2 bats (D:2)
  2 endoplasms (D:1)
  2 goblins
  2 hobgoblins (D:2)
  A ball python (D:2)
  A kobold (D:2)
10 creatures vanquished.

Notes
Turn   | Place    | Note
-------+----------+-------------------------------------------
     0 | D:1      | Daunt the Meteoran Hexslinger began the quest for the Orb.
     0 | D:1      | Reached XP level 1. HP: 16/16 MP: 3/3
   102 | D:2      | Reached XP level 2. HP: 23/23 MP: 5/5
   136 | D:2      | Noticed Terence
   151 | D:1      | Slain by a goblin

Illustrated notes

Levels and vault maps discovered:
D:1:      dpeg_arrival_signposts, layout_basic, st_stairs_7, nrook_mini_vaults,
          minmay_misc_feat_enclosed
D:2:      layout_rooms, serial_shops, nicolae_shop_tiny_real_fake_doors,
          uniq_terence

Action                     || total
---------------------------++-------
   Fire: Sling             ||    30
 Armour: Robe              ||     5
  Dodge: Dodged            ||     7
